 Dungeon Crawl Stone Soup version 0.14.0-17-gc0b17a5 (webtiles) character file.

5650 oshikia the Martial Artist (level 10, -1/84 HPs)
             Began as a Grey Draconian Transmuter on Apr 18, 2014.
             Was an Elder of Cheibriados.
             Slain by an orc warrior
             ... wielding a cursed -3,-3 trident
              (19 damage)
             ... on Level 10 of the Dungeon.
             The game lasted 00:49:28 (11525 turns).

oshikia the Martial Artist (DrTm)                  Turns: 11525, Time: 00:49:28

HP  -1/84        AC  2     Str 22      XL: 10   Next: 29%
MP  24/24        EV 27     Int 23      God: Cheibriados [****..]
Gold 669         SH  0     Dex 28      Spells:  4 memorised,  8 levels left

rFire  . . .     SeeInvis .       - Unarmed
rCold  . . .     Clarity  .     (armour unavailable)
rNeg   . . .     Conserve .     (shield currently unavailable)
rPois  x         rCorr    .     (helmet currently unavailable)
rElec  .         rRot     .     (cloak currently unavailable)
SustAb . .       Spirit   .     G - melded +0 pair of gloves
rMut   .         Warding  .     (boots currently unavailable)
Saprov . . .     Stasis   .     (no amulet)
MR     .....                    (no ring)
                                (no ring)

@: spider-form (expiring), very slow, not resistant to hostile enchantments,
fairly stealthy
A: walk through water, unfitting armour, (unbreathing), AC +12
a: End Transformation, Bend Time, Temporal Distortion, Slouch, Renounce Religion


You were on level 10 of the Dungeon.
You worshipped Cheibriados.
Cheibriados was greatly pleased with you.
You were hungry.
You were in spider-form.
You visited 2 branches of the dungeon, and saw 11 of its levels.

You collected 695 gold pieces.
You spent 26 gold pieces at shops.

Inventory:

Hand weapons
 B - a +0 blowgun
Missiles
 b - 12 arrows
 A - 7 curare-tipped needles
Armour
 h - a -2 pair of gloves
 G - a +0 pair of gloves (melded)
Magical devices
 C - a wand of digging (12) {unknown}
 E - a wand of paralysis (18) {unknown}
Comestibles
 a - 10 bread rations
 c - a pear
 m - a snozzcumber
 n - 4 meat rations
 p - 13 grapes
 t - 3 chokos
 x - an apple
Scrolls
 e - 4 scrolls of remove curse
 g - 9 scrolls of identify
 j - a scroll of enchant armour
 l - a scroll of fog
 q - a scroll of amnesia
 u - 2 scrolls of magic mapping
 y - a scroll of enchant weapon II
 H - a scroll of silence {unknown}
Potions
 f - a potion of invisibility
 k - 3 potions of curing
 o - a potion of poison {unknown}
 r - a potion of restore abilities {unknown}
 w - a potion of paralysis {unknown}
 z - a potion of haste {unknown}
 F - a potion of confusion {unknown}
Books
 d - a book of Changes

   Spells                             Type                      Level
   *Beastly Appendage                 Transmutation                1
   Sticks to Snakes                   Transmutation                2
   *Spider Form                       Transmutation/Poison         3
   *Ice Form                          Ice/Transmutation            4
   *Blade Hands                       Transmutation                5
 D - a book of Power

   Spells                             Type                      Level
   Fulminant Prism                    Conjuration/Hexes            4
   Iskenderun's Mystic Blast          Conjuration                  4
   Venom Bolt                         Conjuration/Poison           5
   Bolt of Magma                      Conjuration/Fire/Earth       5
   Iron Shot                          Conjuration/Earth            6
   Orb of Destruction                 Conjuration                  7


   Skills:
 + Level 6.9 Fighting
 + Level 5.6 Dodging
 * Level 9.3 Unarmed Combat
 + Level 6.2 Spellcasting
 + Level 6.5 Transmutations


You had 8 spell levels left.
You knew the following spells:

 Your Spells              Type           Power        Failure   Level  Hunger
a - Beastly Appendage     Trmt           #####.       4%          1    None
b - Spider Form           Trmt/Pois      ###.......   24%         3    #......
c - Blade Hands           Trmt           #####.....   36%         5    #####..
d - Ice Form              Ice/Trmt       ###.......   45%         4    ###....


Dungeon Overview and Level Annotations

Branches:
Dungeon (10/15)            Temple (1/1) D:7            Lair (0/8) D:8
    Orc: D:9-12

Altars:
Cheibriados
Dithmenos
Elyvilon
Fedhas
Kikubaaqudgha
Makhleb
Okawaru
Sif Muna
Trog
Vehumet
Xom
Yredelemnul
Zin
The Shining One

Shops:
D:8 *

Annotations:
D:3 shummie's ghost, average VSMo


Innate Abilities, Weirdness & Mutations

You can walk through water.
((Your dull iron-grey scales are very hard (AC +12).))*
Your body does not fit into most forms of armour.
Your cold-blooded metabolism reacts poorly to cold.
((You can survive without breathing.))*


Message History

The orc warrior is moderately wounded.
The hound completely misses you. The centaur skeleton hits you.
* * * LOW HITPOINT WARNING * * *
You hit the orc warrior.
The orc warrior is heavily wounded.
The hound completely misses you. The orc warrior completely misses you.
The centaur skeleton misses you. The orc warrior misses you.
The hound closely misses you.
The centaur skeleton completely misses you.
Your transformation is almost over.
The hound completely misses you. The hound bites you.
* * * LOW HITPOINT WARNING * * *
The orc warrior misses you.
The centaur skeleton completely misses you.
The hound misses you. The hound bites you but does no damage.
The hound completely misses you.
The centaur skeleton completely misses you.
The orc warrior hits you from afar with a trident!
You die...

### ##.# ###..## .####
##.#...## ....#.#
####..#....#
...#..###.........##
....#...............######
........###.##.##....#...#
.........Zs..##.##..)......
.....##..h##....#.%<#.....#
......#..o###......###.....#
..........###.......#.......
........)..#...............#
........................#...
.......................##..
......).......>......... .#
......................#. .


You could see an orc warrior, a hound and a centaur skeleton.

Vanquished Creatures
  A wyvern (D:8)
  A deep elf mage (D:9)
  A hungry ghost (D:9)
  6 ice beasts
  2 orc warriors (D:7)
  7 sky beasts
  4 ogres
  A phantom (D:7)
  3 giant frogs
  5 centaurs
  Blork the orc (D:9)
  2 jellies
  9 killer bees (D:9)
  8 scorpions
  A hippogriff skeleton (D:6)
  A crimson imp (D:6)
  5 hounds
  2 goliath beetles
  6 orc priests
  A centaur skeleton (D:10)
  2 iguanas (D:9)
  6 worker ants
  8 orc wizards
  An ogre zombie (D:10)
  A hound skeleton (D:6)
  A worker ant zombie (D:8)
  10 adders
  4 gnolls (D:8)
  2 shadow imps
  4 worms
  2 giant mites
  An adder skeleton (D:4)
  An ooze (D:2)
  38 orcs
  4 ball pythons
  13 bats
  6 giant cockroaches
  12 hobgoblins
  6 quokkas
  A giant cockroach zombie (D:6)
  6 giant geckos
  A giant mite zombie (D:6)
  6 giant newts
  14 goblins
  29 jackals
  13 kobolds
  A kobold zombie (D:3)
  An orc zombie (D:8)
  20 rats
  2 ballistomycetes (D:6)
  A plant (D:3)
284 creatures vanquished.

Vanquished Creatures (others)
  A giant spore (D:6)
1 creature vanquished.

Grand Total: 285 creatures vanquished

Notes
Turn   | Place    | Note
--------------------------------------------------------------
     0 | D:1      | oshikia, the Draconian Transmuter, began the quest for the Orb.
     0 | D:1      | Reached XP level 1. HP: 16/16 MP: 3/3
   308 | D:1      | Reached XP level 2. HP: 23/23 MP: 4/4
  1128 | D:2      | Reached XP level 3. HP: 21/29 MP: 6/6
  1756 | D:2      | Reached XP level 4. HP: 32/36 MP: 8/8
  2028 | D:3      | Noticed shummie's ghost (average VSMo)
  2602 | D:3      | Reached skill level 4 in Unarmed Combat
  3498 | D:4      | Reached XP level 5. HP: 34/42 MP: 10/10
  3656 | D:4      | Learned a level 3 spell: Spider Form
  3952 | D:4      | Reached XP level 6. HP: 45/50 MP: 13/13
  4829 | D:4      | Noticed an ogre
  4838 | D:4      | Killed an ogre
  4838 | D:4      | Reached skill level 5 in Unarmed Combat
  5038 | D:4      | Your scales start taking on a dull iron-grey colour.
  5038 | D:4      | Gained mutation: You can survive without breathing. [draconian maturity]
  5038 | D:4      | Reached XP level 7. HP: 19/57 MP: 15/15
  5392 | D:5      | Entered Level 5 of the Dungeon
  6617 | D:6      | Reached skill level 6 in Unarmed Combat
  6617 | D:6      | Reached XP level 8. HP: 61/66 MP: 18/18
  7776 | D:7      | Found a staircase to the Ecumenical Temple.
  7784 | Temple   | Entered the Ecumenical Temple
  7806 | Temple   | Became a worshipper of Cheibriados the Contemplative
  7825 | D:7      | Reached skill level 7 in Unarmed Combat
  7838 | D:7      | Reached skill level 5 in Fighting
  8196 | D:7      | Reached skill level 5 in Transmutations
  8207 | D:7      | Reached XP level 9. HP: 27/74 MP: 18/20
  8509 | D:7      | Reached skill level 5 in Spellcasting
  8646 | D:7      | Found a glowing silver altar of Zin.
  8646 | D:7      | Found a shimmering altar of Xom.
  8652 | D:7      | Found a burning altar of Makhleb.
  9029 | D:7      | Learned a level 5 spell: Blade Hands
  9034 | D:7      | Learned a level 4 spell: Ice Form
  9301 | D:8      | Reached skill level 8 in Unarmed Combat
  9324 | D:8      | Reached skill level 5 in Dodging
  9456 | D:8      | Found Peanea's Assorted Antiques.
  9474 | D:8      | Bought a scroll labeled SOEME QIENT for 26 gold pieces
  9898 | D:8      | Found a staircase to the Lair.
 10117 | D:9      | Noticed Blork the orc
 10128 | D:9      | Killed Blork the orc
 10557 | D:9      | Acquired Cheibriados' first power
 10625 | D:9      | Found a glowing golden altar of the Shining One.
 10680 | D:9      | Reached XP level 10. HP: 84/84 MP: 19/23
 10742 | D:9      | Reached skill level 9 in Unarmed Combat
 11213 | D:9      | Acquired Cheibriados' second power
 11444 | D:10     | Entered Level 10 of the Dungeon
 11525 | D:10     | Slain by an orc warrior

Action                   |  1- 3 |  4- 6 |  7- 9 | 10-12 || total
-------------------------+-------+-------+-------+-------++-------
Melee: Unarmed           |   157 |   327 |   586 |    88 ||  1158
Throw: Dart              |     1 |     1 |       |       ||     2
 Cast: Beastly Appendage |     1 |    22 |    36 |       ||    59
       Spider Form       |       |     2 |    17 |     5 ||    24
       Ice Form          |       |       |     4 |     1 ||     5
       Blade Hands       |       |       |       |     3 ||     3
  Use: Scroll            |       |     7 |     5 |       ||    12
       Potion            |       |     3 |     2 |       ||     5
 Stab: Invisible         |       |     1 |     7 |       ||     8
       Sleeping          |       |       |     2 |       ||     2
       Distracted        |       |       |     1 |       ||     1
